 Dungeon Crawl Stone Soup version 0.19-a0-1107-gc676ff4 (webtiles) character file.

749 Leszczynek the Slasher (level 7, -5/49 HPs)
             Began as a High Elf Gladiator on Aug 9, 2016.
             Slain by an unseen horror (10 damage)
             ... on level 5 of the Dungeon.
             The game lasted 00:11:43 (5090 turns).

Leszczynek the Slasher (High Elf Gladiator)         Turns: 5090, Time: 00:11:43

Health: -5/49      AC:  9    Str: 15    XL:     7   Next: 48%
Magic:  8/8        EV: 10    Int: 12    God:
Gold:   291        SH:  9    Dex: 17    Spells: 0 memorised, 6 levels left

rFire  . . .     SeeInvis .     a - +2 rapier (elec)
rCold  + . .     Gourm    .     s - +0 ring mail
rNeg   . . .     Faith    .     l - +0 shield
rPois  .         Spirit   .     c - +0 helmet
rElec  .         Dismiss  .     (no cloak)
rCorr  .         Reflect  .     (no gloves)
SustAt .         Harm     .     C - +2 pair of boots
MR     .....                    A - amulet of rage
Stlth  ++........               B - ring of protection from cold
                                p - ring of stealth

@:
A: regeneration 1
a: Evoke Berserk Rage


You were on level 5 of the Dungeon.
You were very hungry.

You visited 2 branches of the dungeon, and saw 6 of its levels.

You collected 291 gold pieces.

Inventory:

Hand Weapons
 a - a +2 rapier of electrocution (weapon)
 b - a +2 hunting sling of freezing
 u - a +0 long sword
Missiles
 d - 3 throwing nets (quivered)
 z - 36 sling bullets
 D - 5 steel tomahawks
Armour
 c - a +0 helmet (worn)
 l - a +0 shield (worn)
 o - a +0 leather armour
 s - a +0 ring mail (worn)
 C - a +2 pair of boots (worn)
Jewellery
 p - a ring of stealth (left hand)
 A - an amulet of rage (around neck)
 B - a ring of protection from cold (right hand)
Scrolls
 e - a scroll of amnesia {unknown}
 h - 3 scrolls of teleportation
 j - a scroll of fear {unknown}
 k - 2 scrolls of remove curse
 m - a scroll of magic mapping {unknown}
 x - a scroll of enchant armour {unknown}
 y - a scroll of blinking {unknown}
Potions
 i - 2 potions of haste
 t - a potion of mutation {unknown}
 v - a potion of brilliance {unknown}
 E - a potion of resistance {unknown}
Books
 w - an Akashic Record

   Spells                             Type                      Level
   a - Dispersal                      Translocation                6
   b - Malign Gateway                 Summoning/Translocation      7
   c - Disjunction                    Translocation                8
   d - Controlled Blink               Translocation                8
Comestibles
 f - 4 bread rations
 n - 3 meat rations
 q - 4 beef jerkies


   Skills:
 + Level 4.5 Fighting
 * Level 4.5(6.1) Short Blades
 - Level 6.3(7.0) Long Blades
 - Level 2.0 Throwing
 - Level 3.4 Dodging
 + Level 3.3 Shields


You had 6 spell levels left.
You didn't know any spells.

Dungeon Overview and Level Annotations

Branches:
Dungeon (5/15)             Temple (1/1) D:5

Altars:
Cheibriados
Dithmenos
Elyvilon
Fedhas
Gozag
Hepliaklqana
Kikubaaqudgha
Makhleb
Nemelex Xobeh
Okawaru
Pakellas
Ru
Sif Muna
Trog
Uskayaw
Zin
The Shining One

Annotations:
D:5 exclusion: water moccasin, Pikel


Innate Abilities, Weirdness & Mutations

Your natural rate of healing is unusually fast.


Message History

Something hits you. Something hits you but does no damage. Something hits you.
Something hits you.
Okay, then.
You fail to use your ability.
You are feeling very hungry.
Something hits you!
* * * LOW HITPOINT WARNING * * *
Something hits you.
* * * LOW HITPOINT WARNING * * *
Unknown command.
Okay, then.
You feel better. Something hits you!
* * * LOW HITPOINT WARNING * * *
Unknown command.
It was a potion of beneficial mutation.
You begin to heal more quickly.
You feel fantastic! Something hits you!
You die...

##.#.#..#.#...####
##.#..#.#$.......#
##.##)..####..##.#
....####...##.##.#
#.... #.#†.#..#.#
####. #..#.#....#
# . ##.....##.#
###..###.# ....#
#@# ####.# #.# #.#
#.# #.# #.# #.#
#.# #.# #.# #.#
#.#


There were no monsters in sight!

Vanquished Creatures
  A water moccasin (D:5)
  An ice beast (D:5)
  3 slaves (D:5)
  A centaur (D:5)
  A scorpion (D:5)
  A howler monkey (D:3)
  A centaur skeleton (D:5)
  A giant frog skeleton (D:4)
  3 worker ants
  A hound zombie (D:3)
  2 hound skeletons
  4 gnolls (D:2)
  8 adders
  4 oozes
  An adder skeleton (D:5)
  2 worms
  A dart slug (D:2)
  5 giant geckos
  6 orcs (D:4)
  6 bats
  6 giant cockroaches
  5 goblins
  4 hobgoblins
  5 jackals
  A quokka (D:5)
  A ball python (D:2)
  4 giant newts
  9 kobolds
  14 rats
102 creatures vanquished.

Notes
Turn   | Place    | Note
-------+----------+-------------------------------------------
     0 | D:1      | Leszczynek the High Elf Gladiator began the quest for the Orb.
     0 | D:1      | Reached XP level 1. HP: 14/14 MP: 2/2
   758 | D:1      | Reached skill level 4 in Long Blades
   758 | D:1      | Reached XP level 2. HP: 19/19 MP: 3/3
  1213 | D:2      | Reached XP level 3. HP: 17/25 MP: 4/4
  1672 | D:2      | Reached skill level 1 in Shields
  1678 | D:2      | Reached XP level 4. HP: 23/30 MP: 5/5
  1894 | D:2      | Reached skill level 5 in Long Blades
  2068 | D:2      | Found an opulent altar of Gozag.
  2345 | D:2      | Found a sacrificial altar of Ru.
  2436 | D:2      | Reached skill level 3 in Fighting
  2590 | D:3      | Reached XP level 5. HP: 36/36 MP: 6/6
  2791 | D:3      | Reached skill level 6 in Long Blades
  2809 | D:3      | Reached skill level 2 in Shields
  3546 | D:4      | Found a glowing golden altar of the Shining One.
  3602 | D:4      | Reached skill level 1 in Short Blades
  3602 | D:4      | Reached XP level 6. HP: 39/42 MP: 7/7
  4080 | D:4      | Found an oddly glowing altar of Pakellas.
  4093 | D:4      | Reached skill level 2 in Short Blades
  4192 | D:5      | Entered Level 5 of the Dungeon
  4243 | D:5      | Noticed a water moccasin
  4328 | D:5      | backtracking for sling bullets
  4565 | D:5      | Found a staircase to the Ecumenical Temple.
  4567 | D:5      | Noticed a slave
  4568 | D:5      | Noticed a slave
  4569 | D:5      | Noticed Pikel
  4569 | D:5      | Noticed a slave
  4570 | D:5      | Noticed a slave
  4604 | D:5      | Killed a slave
  4659 | D:5      | Killed a slave
  4704 | D:5      | Reached skill level 4 in Fighting
  4706 | D:5      | Killed a slave
  4780 | D:5      | Noticed an ice beast
  4821 | D:5      | Killed an ice beast
  4821 | D:5      | Reached skill level 3 in Short Blades
  4821 | D:5      | Reached skill level 3 in Shields
  4821 | D:5      | Reached XP level 7. HP: 48/48 MP: 8/8
  4852 | D:5      | Reached skill level 4 in Short Blades
  4857 | Temple   | Entered the Ecumenical Temple
  5081 | D:5      | unseen horror on d:5
  5081 | D:5      | i have no words
  5090 | D:5      | Gained mutation: Your natural rate of healing is unusually fast. [potion of beneficial mutation]
  5090 | D:5      | Slain by an unseen horror

Vault maps used:
D:1:      dpeg_arrival_pits
D:2:      minmay_kobold_bridge, nicolae_ru_path_of_blood,
          nicolae_overflow_crystal_walls
D:4:      nicolae_tso_carved_into_rock, old_standard_altar, first_bread
D:5:      lemuel_zombie_altar_yredelemnul, minmay_bent, uniq_pikel,
          uniq_menkaure
Temple:   cyrus_circular_temple

Skill      XL: |  1  2  3  4  5  6  7 |
---------------+----------------------+-----
Long Blades    | 4 5 6 |  6.3
Shields        | 1 2 3 |  3.3
Fighting       | 3 4 |  4.5
Short Blades   | 1 3 4 |  4.5
Throwing       | |  2.0
Dodging        | |  3.4

Action                   |  1- 3 |  4- 6 |  7- 9 || total
-------------------------+-------+-------+-------++-------
Melee: Long sword        |   130 |   145 |       ||   275
       Rapier            |       |    80 |    26 ||   106
  Use: Scroll            |     2 |     4 |       ||     6
       Potion            |       |     3 |     4 ||     7
 Stab: Sleeping          |     3 |     4 |       ||     7
  Eat: Chunk             |     2 |    11 |       ||    13
Armor: Leather armour    |    29 |       |       ||    29
       Ring mail         |       |    56 |    11 ||    67
Dodge: Dodged            |    45 |    73 |     8 ||   126
Block: Shield            |    50 |    75 |    10 ||   135
